 Dungeon Crawl Stone Soup version 0.20.1-1-g8b1a95d (webtiles) character file.

228 Maskull the Shield-Bearer (level 6, -4/53 HPs)
             Began as a Hill Orc Fighter on Aug 23, 2017.
             Killed by divine providence
             ... invoked by an orc priest
              (9 damage)
             ... on level 3 of the Dungeon.
             The game lasted 00:05:02 (2458 turns).

Maskull the Shield-Bearer (Hill Orc Fighter)        Turns: 2458, Time: 00:05:03

Health: -4/53      AC:  7    Str: 21    XL:     6   Next: 2%
Magic:  5/5        EV:  8    Int:  8    God:
Gold:   160        SH:  9    Dex: 10    Spells: 5/5 levels left

rFire    . . .     SeeInvis .   a - +0 long sword
rCold    . . .     Gourm    .   c - +0 shield
rNeg     . . .     Faith    .   b - +0 scale mail
rPois    .         Spirit   .   (no helmet)
rElec    .         Reflect  .   (no cloak)
rCorr    .         Harm     .   (no gloves)
MR       .....     Clarity  +   (no boots)
Stlth    ..........             e - amulet of rage
Regen    0.2/turn               (no ring)
MPRegen  0.1/turn               (no ring)

@: no status effects
A: clarity, low mp 1
a: Convert to Beogh, Evoke Berserk Rage


You were on level 3 of the Dungeon.
You were not hungry.

You visited 1 branch of the dungeon, and saw 3 of its levels.

You collected 160 gold pieces.

Inventory:

Hand Weapons
 a - a +0 long sword (weapon)
Armour
 b - a +0 scale mail (worn)
 c - a +0 shield (worn)
Magical Staves
 j - an uncursed staff of conjuration {unknown}
Jewellery
 e - an amulet of rage (around neck)
Potions
 h - a potion of mutation
Comestibles
 f - 3 bread rations


   Skills:
 + Level 4.3 Fighting
 + Level 3.9 Long Blades
 + Level 4.2 Armour
 + Level 1.2 Dodging
 + Level 0.3 Stealth
 + Level 4.6 Shields


You had 5 spell levels left.
You didn't know any spells.

Dungeon Overview and Level Annotations

Branches:
Dungeon (3/15)

Altars:
Fedhas

Annotations:
D:3 Maskull's ghost, amateur HOFi


Innate Abilities, Weirdness & Mutations

You possess an exceptional clarity of mind.
Your magical capacity is low. (-10% MP)


Message History

You feel extremely strange.
You feel less energetic.
Your thoughts seem clearer.
The orc priest hits you. You block the orc's attack.
Maskull's ghost hits you but does no damage.
The crimson imp barely misses you. You block the orc's attack.
Maskull's ghost hits you.
* * * LOW HITPOINT WARNING * * *
The orc priest shouts, "Surrender to Beogh and we'll let you live!"
You block the orc's attack. You block the hobgoblin's attack.
The orc priest calls down the wrath of Beogh upon you.
Beogh smites you!
* * * LOW HITPOINT WARNING * * *
The crimson imp blinks!
There is an open door here.
The crimson imp blinks!
Maskull's ghost screams, "Don't try to defend!
You have no chance!"
The orc priest mumbles some strange prayers to Beogh against you.
Beogh smites you!
You die...

#...# #.#.# #### #.#.#
#....##.#.# #. ......#
#.#####...# #########
#%........### #....[..#
#########....##....## #.......#
........'o.Wg5o@...>####.......#
........#....#.................#
....$...#....#...##............#
##......#....#(..##........#####
##...§.#....##.................
≈.#.....#....##)................
..'.......$..+......[...........
≈.#.##.......#...##+#######'####
.##..+...........#... #...#.##..


You could see an orc priest, Maskull's ghost, a crimson imp, an orc and a
hobgoblin.

Vanquished Creatures
  Sigmund (D:2)
  2 adders (D:2)
  2 dart slugs
  4 leopard geckos
  3 orcs (D:2)
  2 giant cockroaches
  5 goblins
  3 hobgoblins
  5 kobolds
  A quokka (D:2)
  5 bats
  4 frilled lizards
  6 rats
43 creatures vanquished.

Notes
Turn   | Place    | Note
-------+----------+-------------------------------------------
     0 | D:1      | Maskull the Hill Orc Fighter began the quest for the Orb.
     0 | D:1      | Reached XP level 1. HP: 19/19 MP: 1/1
    38 | D:1      | Reached XP level 2. HP: 19/27 MP: 2/2
   932 | D:2      | Reached XP level 3. HP: 31/33 MP: 3/3
   980 | D:2      | Found a blossoming altar of Fedhas.
  1119 | D:2      | Noticed Sigmund
  1793 | D:2      | Killed Sigmund
  1793 | D:2      | Reached skill level 1 in Dodging
  1793 | D:2      | Reached XP level 4. HP: 27/40 MP: 4/4
  1793 | D:2      | Reached XP level 5. HP: 31/46 MP: 5/5
  2366 | D:2      | Reached XP level 6. HP: 48/53 MP: 6/6
  2435 | D:3      | Noticed Maskull's ghost (amateur HOFi)
  2446 | D:3      | Gained mutation: Your magical capacity is low. (-10% MP) [potion of mutation]
  2446 | D:3      | Gained mutation: You possess an exceptional clarity of mind. [potion of mutation]
  2458 | D:3      | Killed from afar by an orc priest

Skill      XL: |  1  2  3 |
---------------+----------+-----
Fighting       | 4 |  4.3
Shields        | 4 |  4.6
Long Blades    | 3 |  3.9
Armour         | 4 |  4.2
Dodging        | 1 |  1.2
Stealth        | |  0.3

Action                   |  1- 3 |  4- 6 || total
-------------------------+-------+-------++-------
Melee: Long sword        |   116 |    43 ||   159
  Use: Scroll            |     3 |     1 ||     4
       Potion            |     1 |     1 ||     2
  Eat: Meat ration       |     1 |       ||     1
Armor: Scale mail        |    66 |    13 ||    79
Dodge: Dodged            |    43 |    21 ||    64
Block: Shield            |    79 |    29 ||   108
       Rpst.: Long sword |    16 |     8 ||    24
